Sabres vs Bruins

Created - 16 décembre 2020 at 21:10

Goals
1 2 3 OT1 T
Sabres 0 1 0 0 1
Bruins 0 1 0 1 2
Shots
1 2 3 OT1 T
Sabres 8 17 5 1 31
Bruins 10 14 16 1 41

1st period

No Goal

Penalties :
Brendan Lemieux (BOS) for Holding (Minor) at 2:34, Brady Skjei (BOS) for Holding Stick (Minor) at 11:10

2nd period

1. Bruins , Michael Frolik 1 (Alex Iafallo 7, Radek Faksa 10) at 12:02
2. Sabres , Ryan Nugent-Hopkins 9 (Leon Draisaitl 18) at 19:46 (PP)

Penalties :
Lars Eller (BUF) for Roughing (Minor) at 14:33, Brian Dumoulin (BOS) for Boarding (Minor) at 19:18

3rd period

No Goal

Penalties :
Ryan Nugent-Hopkins (BUF) for Boarding (Minor) at 14:44

Overtime #1

3. Bruins , Tyler Bertuzzi 11 (Adam Henrique 12, Brady Skjei 8) at 0:41

Penalties :
No Penalty

Goalie Stats

Matt Murray (BUF), 39 saves from 41 shots - (0,951), OTL, 16-5-3, 60:42 minutes
Tristan Jarry (BOS), 30 saves from 31 shots - (0,968), W, 9-9-1, 60:42 minutes

Players Stats for Sabres

Player Name              G  A  P  +/- PIM S  H  SB GA TA FO     MP     PP MP  PK MP  
------------------------------------------------------------------------------------
Adam Pelech              0  0  0   0  0   0  2  0  0  0  0/0    14:31   0:00   0:00 
Dmitry Orlov             0  0  0   0  0   0  0  0  0  0  0/0    18:09   0:14   1:48 
Elias Lindholm           0  0  0  -1  0   4  0  2  0  0  1/1    23:12   2:11   1:16 
Erik Gustafsson          0  0  0   0  0   0  1  3  0  0  0/0    18:20   2:01   1:48 
Jimmy Vesey              0  0  0   0  0   0  0  0  0  0  0/0     2:52   0:14   0:00 
Jonathan Drouin          0  0  0   0  0   2  3  0  0  0  0/1    11:39   0:14   0:00 
Kevin Fiala              0  0  0   0  0   2  0  0  0  0  0/0    19:49   2:01   0:00 
Kris Letang              0  0  0  -1  0   2  1  4  0  0  0/0    25:33   2:25   2:10 
Lars Eller               0  0  0   0  2   1  0  0  0  0  13/26  12:18   0:14   0:40 
Leon Draisaitl           0  1  1  -2  0   5  1  0  0  0  17/35  23:08   2:11   0:30 
Luke Glendening          0  0  0   0  0   2  4  2  0  0  6/11   20:30   0:00   2:42 
Michael Grabner          0  0  0   0  0   1  0  0  0  0  0/0     2:38   0:00   0:00 
Nic Dowd                 0  0  0   0  0   0  0  0  0  0  2/3     5:26   0:00   2:48 
Nikolaj Ehlers           0  0  0   0  0   0  2  0  0  0  0/1    13:26   2:01   0:00 
Rasmus Dahlin            0  0  0   0  0   2  4  0  0  0  0/0    18:08   2:01   0:00 
Rasmus Ristolainen       0  0  0  -2  0   4  4  1  0  0  0/0    26:01   2:11   2:10 
Ryan Nugent-Hopkins      1  0  1  -2  2   5  2  1  0  0  1/2    22:37   2:11   0:00 
Tyler Seguin             0  0  0   0  0   1  2  1  0  0  15/29  19:49   2:01   0:00 

Players Stats for Bruins

Player Name              G  A  P  +/- PIM S  H  SB GA TA FO     MP     PP MP  PK MP  
------------------------------------------------------------------------------------
Adam Henrique            0  1  1   1  0   7  2  0  0  0  20/29  20:34   1:54   0:00 
Alex Iafallo             0  1  1   1  0   5  1  0  0  0  1/2    19:01   1:54   0:00 
Antoine Roussel          0  0  0   0  0   2  0  0  0  0  1/2    13:25   2:04   0:00 
Brady Skjei              0  1  1   1  2   3  2  3  0  0  0/0    22:08   2:06   1:18 
Brendan Lemieux          0  0  0   0  2   1  2  0  0  0  0/1    13:32   0:00   0:04 
Brett Pesce              0  0  0   0  0   1  0  2  0  0  0/0    22:18   1:52   2:35 
Brian Dumoulin           0  0  0   1  2   0  2  3  0  0  0/0    22:12   0:00   2:33 
Carl Hagelin             0  0  0   0  0   4  0  0  0  0  0/1    20:56   0:00   1:26 
Jan Rutta                0  0  0   0  0   0  0  0  0  0  0/0     1:22   0:00   0:35 
Jayson Megna             0  0  0   0  0   2  1  0  0  0  8/18    6:46   2:04   0:00 
Jonathon Merrill         0  0  0   0  0   0  3  1  0  0  0/0    13:06   0:00   0:00 
Jordan Oesterle          0  0  0   0  0   1  0  0  0  0  0/0    20:09   2:06   0:00 
Markus Nutivaara         0  0  0   1  0   1  0  1  0  0  0/0    19:25   1:52   1:51 
Michael Frolik           1  0  1   1  0   2  0  0  0  0  0/1    19:07   1:54   0:00 
Radek Faksa              0  1  1   1  0   2  3  0  0  0  18/35  20:31   0:00   2:56 
Tanner Fritz             0  0  0   0  0   1  0  0  0  0  1/1     9:06   0:00   3:00 
Tyler Bertuzzi           1  0  1   1  0   7  0  0  0  0  0/1    21:12   2:04   0:00 
Vladimir Sobotka         0  0  0   0  0   2  0  0  0  0  5/18   12:47   0:00   1:26 

3 Stars

1 - Matt Murray (BUF)
2 - Tristan Jarry (BOS)
3 - Michael Frolik (BOS)

Power Play

Sabres - 1 on 3 Attempt(s) - 33,33%
Bruins - 0 on 2 Attempt(s) - 0,00%

Penalty Kill

Sabres - 2 on 2 Attempt(s) - 100,00% - Score 0 goal in Penalty Kill
Bruins - 2 on 3 Attempt(s) - 66,67% - Score 0 goal in Penalty Kill

Team Stat

Sabres - Hits : 26 - Faceoff Wins : 55 - Blocked Shots : 14 - Penalty Minutes : 4
Bruins - Hits : 16 - Faceoff Wins : 54 - Blocked Shots : 10 - Penalty Minutes : 6

Official

Referees : Ian Walsh and Dan O'Rourke
Linesman : Ryan Gibbons and Derek Wahl

Game Notes

Jan Rutta is injured at 12:40 of 1st period (Bruised Left Arm)
Brendan Lemieux is injured at 10:32 of 3rd period (Groin)

Finance

Level 1 -- Attendance: 6000 (100,00%) -- Ticket Income 708 000 $
Level 2 -- Attendance: 5000 (100,00%) -- Ticket Income 375 000 $
Level 3 -- Attendance: 3500 (100,00%) -- Ticket Income 168 000 $
Level 4 -- Attendance: 3104 (97,61%) -- Ticket Income 93 120 $
Luxury Box -- Attendance: 890 (89,00%) -- Ticket Income 187 790 $
Game was played at the TD Garden.
Total Attendance: 18494 (99,00%)
Total Ticket Income: 1 531 910 $
Other Income: 750 636 $
Total Income: 2 282 546 $

% Time on Ice - Sabres

Lines # - Real PCT - Wanted PCT - Time Play
Normal Forward
1 - 38% - 40% - 19:45
2 - 34% - 33% - 17:48
3 - 22% - 22% - 11:25
4 - 5% - 5% - 2:38
Normal Defense
1 - 40% - 40% - 20:23
2 - 31% - 30% - 16:07
3 - 28% - 25% - 14:31
4 - 1% - 5% - 0:35
PP Forward
1 - 55% - 60% - 2:25
2 - 45% - 40% - 2:01
PP Defense
1 - 55% - 60% - 2:25
2 - 45% - 40% - 2:01
PK Forward
1 - 71% - 60% - 2:48
2 - 29% - 40% - 1:10
PK Defense
1 - 55% - 60% - 2:10
2 - 45% - 40% - 1:48
PK3 Forward
1 - 0% - 60%
2 - 0% - 40%
PK3 Defense
1 - 0% - 60%
2 - 0% - 40%
44 Forward
1 - 0% - 60%
2 - 0% - 40%
44 Defense
1 - 0% - 60%
2 - 0% - 40%
Last Minute Offensive  - 0:00
Last Minute Defensive  - 0:00
Total
Forward - 60:00
Defense - 60:00

% Time on Ice - Bruins

Lines # - Real PCT - Wanted PCT - Time Play
Normal Forward
1 - 36% - 36% - 18:26
2 - 33% - 32% - 17:07
3 - 22% - 22% - 11:21
4 - 9% - 10% - 4:42
Normal Defense
1 - 35% - 36% - 18:03
2 - 30% - 32% - 15:42
3 - 22% - 21% - 11:36
4 - 12% - 11% - 6:15
PP Forward
1 - 48% - 55% - 1:54
2 - 52% - 45% - 2:04
PP Defense
1 - 53% - 60% - 2:06
2 - 47% - 40% - 1:52
PK Forward
1 - 68% - 60% - 3:00
2 - 32% - 40% - 1:26
PK Defense
1 - 58% - 60% - 2:35
2 - 42% - 40% - 1:51
PK3 Forward
1 - 0% - 60%
2 - 0% - 40%
PK3 Defense
1 - 0% - 60%
2 - 0% - 40%
44 Forward
1 - 0% - 60%
2 - 0% - 40%
44 Defense
1 - 0% - 60%
2 - 0% - 40%
Last Minute Offensive  - 0:00
Last Minute Defensive  - 0:00
Total
Forward - 60:00
Defense - 60:00

Play-by-Play

1st period


0:01 of 1st period - Adam Henrique wins face-off versus Leon Draisaitl in neutral zone.
0:19 of 1st period - Adam Henrique is hit by Rasmus Ristolainen and loses puck.
0:26 of 1st period - Shot by Tyler Bertuzzi.
0:26 of 1st period - Stopped by Matt Murray without a rebound.
0:27 of 1st period - Tyler Seguin wins face-off versus Radek Faksa in Sabres zone.
0:33 of 1st period - Off-side.
0:34 of 1st period - Lars Eller wins face-off versus Vladimir Sobotka in neutral zone.
1:13 of 1st period - Icing by Nikolaj Ehlers.
1:14 of 1st period - Radek Faksa wins face-off versus Lars Eller in Sabres zone.
1:42 of 1st period - Shot by Kevin Fiala.
1:42 of 1st period - Stopped by Tristan Jarry without a rebound.
1:43 of 1st period - Leon Draisaitl wins face-off versus Adam Henrique in Bruins zone.
1:54 of 1st period - Shot by Brady Skjei.
1:54 of 1st period - Shot Misses the Net.
1:56 of 1st period - Shot by Carl Hagelin.
1:56 of 1st period - Shot Blocked by Kris Letang.
1:58 of 1st period - Shot by Jordan Oesterle.
1:58 of 1st period - Stopped by Matt Murray with a rebound.
2:00 of 1st period - Shot by Brady Skjei.
2:00 of 1st period - Shot Hit the Post.
2:02 of 1st period - Shot by Adam Henrique.
2:02 of 1st period - Shot Misses the Net.
2:34 of 1st period - Minor Penalty to Brendan Lemieux for Holding.
2:35 of 1st period - Tyler Seguin wins face-off versus Radek Faksa in Bruins zone.
2:35 of 1st period - Tyler Seguin is hit by Brian Dumoulin.
3:51 of 1st period - Shot by Leon Draisaitl.
3:51 of 1st period - Shot Misses the Net.
4:21 of 1st period - Shot by Lars Eller.
4:21 of 1st period - Stopped by Tristan Jarry without a rebound.
4:22 of 1st period - Ryan Nugent-Hopkins wins face-off versus Radek Faksa in Bruins zone.
4:23 of 1st period - Shot by Leon Draisaitl.
4:23 of 1st period - Shot Blocked by Brian Dumoulin.
4:25 of 1st period - Shot by Rasmus Dahlin.
4:25 of 1st period - Stopped by Tristan Jarry without a rebound.
4:26 of 1st period - Radek Faksa wins face-off versus Tyler Seguin in Bruins zone.
4:35 of 1st period - Shot by Tyler Seguin.
4:35 of 1st period - Deflect By Jimmy Vesey.
4:35 of 1st period - Shot Blocked by Brett Pesce.
4:46 of 1st period - Jayson Megna is hit by Rasmus Dahlin and loses puck.
6:16 of 1st period - Shot by Adam Henrique.
6:16 of 1st period - Stopped by Matt Murray with a rebound.
6:18 of 1st period - Shot by Carl Hagelin.
6:18 of 1st period - Stopped by Matt Murray without a rebound.
6:19 of 1st period - Lars Eller wins face-off versus Vladimir Sobotka in Sabres zone.
6:26 of 1st period - Icing by Vladimir Sobotka.
6:27 of 1st period - Tyler Seguin wins face-off versus Antoine Roussel in Bruins zone.
6:36 of 1st period - Icing by Vladimir Sobotka.
6:37 of 1st period - Lars Eller wins face-off versus Vladimir Sobotka in Bruins zone.
6:40 of 1st period - Shot by Lars Eller.
6:40 of 1st period - Shot Misses the Net.
7:10 of 1st period - Shot by Vladimir Sobotka.
7:10 of 1st period - Stopped by Matt Murray with a rebound.
7:38 of 1st period - Shot by Kris Letang.
7:38 of 1st period - Shot Blocked by Brady Skjei.
7:48 of 1st period - Brady Skjei is hit by Tyler Seguin and loses puck.
8:03 of 1st period - Tyler Bertuzzi is hit by Luke Glendening and loses puck.
8:12 of 1st period - Luke Glendening is hit by Adam Henrique.
8:15 of 1st period - Off-side.
8:16 of 1st period - Radek Faksa wins face-off versus Leon Draisaitl in neutral zone.
8:23 of 1st period - Shot by Radek Faksa.
8:23 of 1st period - Shot Misses the Net.
8:25 of 1st period - Shot by Alex Iafallo.
8:25 of 1st period - Stopped by Matt Murray without a rebound.
8:26 of 1st period - Leon Draisaitl wins face-off versus Vladimir Sobotka in Sabres zone.
8:26 of 1st period - Leon Draisaitl is hit by Brendan Lemieux.
8:33 of 1st period - Erik Gustafsson is hit by Brian Dumoulin and loses puck.
9:04 of 1st period - Shot by Elias Lindholm.
9:04 of 1st period - Stopped by Tristan Jarry without a rebound.
9:05 of 1st period - Radek Faksa wins face-off versus Lars Eller in Bruins zone.
9:14 of 1st period - Shot by Alex Iafallo.
9:14 of 1st period - Stopped by Matt Murray without a rebound.
9:15 of 1st period - Tyler Seguin wins face-off versus Radek Faksa in Sabres zone.
10:09 of 1st period - Off-side.
10:10 of 1st period - Adam Henrique wins face-off versus Lars Eller in neutral zone.
10:12 of 1st period - Off-side.
10:13 of 1st period - Leon Draisaitl wins face-off versus Carl Hagelin in neutral zone.
10:22 of 1st period - Shot by Leon Draisaitl.
10:22 of 1st period - Deflect By Ryan Nugent-Hopkins.
10:22 of 1st period - Shot Blocked by Markus Nutivaara.
10:47 of 1st period - Off-side.
10:48 of 1st period - Jayson Megna wins face-off versus Tyler Seguin in neutral zone.
11:00 of 1st period - Luke Glendening is hit by Brady Skjei and loses puck.
11:10 of 1st period - Minor Penalty to Brady Skjei for Holding Stick.
11:11 of 1st period - Tanner Fritz wins face-off versus Leon Draisaitl in Bruins zone.
11:21 of 1st period - Icing by Rasmus Ristolainen.
11:22 of 1st period - Leon Draisaitl wins face-off versus Radek Faksa in Sabres zone.
11:44 of 1st period - Shot by Leon Draisaitl.
11:44 of 1st period - Shot Misses the Net.
11:46 of 1st period - Shot by Elias Lindholm.
11:46 of 1st period - Shot Misses the Net.
11:48 of 1st period - Shot by Rasmus Ristolainen.
11:48 of 1st period - Stopped by Tristan Jarry with a rebound.
11:50 of 1st period - Shot by Rasmus Ristolainen.
11:50 of 1st period - Shot Misses the Net.
11:52 of 1st period - Shot by Rasmus Ristolainen.
11:52 of 1st period - Shot Misses the Net.
11:54 of 1st period - Shot by Ryan Nugent-Hopkins.
11:54 of 1st period - Shot Misses the Net.
11:56 of 1st period - Shot by Rasmus Ristolainen.
11:56 of 1st period - Shot Misses the Net.
12:36 of 1st period - Shot by Rasmus Dahlin.
12:36 of 1st period - Shot Misses the Net.
12:38 of 1st period - Shot by Rasmus Dahlin.
12:38 of 1st period - Stopped by Tristan Jarry without a rebound.
12:39 of 1st period - Vladimir Sobotka wins face-off versus Leon Draisaitl in Bruins zone.
12:39 of 1st period - Jan Rutta is hit by Ryan Nugent-Hopkins.
12:40 of 1st period - Jan Rutta from Bruins is injured at 12:40 of 1st period (Bruised Left Arm).
12:41 of 1st period - Leon Draisaitl wins face-off versus Vladimir Sobotka in Bruins zone.
12:49 of 1st period - Shot by Leon Draisaitl.
12:49 of 1st period - Stopped by Tristan Jarry without a rebound.
12:50 of 1st period - Tyler Seguin wins face-off versus Radek Faksa in Bruins zone.
13:02 of 1st period - Icing by Erik Gustafsson.
13:03 of 1st period - Tyler Seguin wins face-off versus Radek Faksa in Sabres zone.
13:03 of 1st period - Tyler Seguin is hit by Radek Faksa.
13:33 of 1st period - Shot by Tyler Bertuzzi.
13:33 of 1st period - Shot Misses the Net.
13:43 of 1st period - Shot by Ryan Nugent-Hopkins.
13:43 of 1st period - Stopped by Tristan Jarry with a rebound.
14:33 of 1st period - Icing by Brian Dumoulin.
14:34 of 1st period - Vladimir Sobotka wins face-off versus Nikolaj Ehlers in Bruins zone.
14:34 of 1st period - Vladimir Sobotka is hit by Jonathan Drouin.
15:43 of 1st period - Shot by Alex Iafallo.
15:43 of 1st period - Stopped by Matt Murray without a rebound.
15:44 of 1st period - Nic Dowd wins face-off versus Adam Henrique in Sabres zone.
16:10 of 1st period - Shot by Adam Henrique.
16:10 of 1st period - Stopped by Matt Murray with a rebound.
16:12 of 1st period - Shot by Carl Hagelin.
16:12 of 1st period - Shot Misses the Net.
16:18 of 1st period - Shot by Adam Henrique.
16:18 of 1st period - Stopped by Matt Murray without a rebound.
16:19 of 1st period - Leon Draisaitl wins face-off versus Radek Faksa in Sabres zone.
16:25 of 1st period - Rasmus Dahlin is hit by Jonathon Merrill and loses puck.
16:38 of 1st period - Shot by Elias Lindholm.
16:38 of 1st period - Shot Misses the Net.
16:44 of 1st period - Michael Frolik is hit by Leon Draisaitl and loses puck.
17:26 of 1st period - Off-side.
17:27 of 1st period - Lars Eller wins face-off versus Jayson Megna in neutral zone.
17:50 of 1st period - Shot by Jayson Megna.
17:50 of 1st period - Shot Blocked by Erik Gustafsson.
18:01 of 1st period - Icing by Jonathan Drouin.
18:02 of 1st period - Adam Henrique wins face-off versus Lars Eller in Sabres zone.
18:05 of 1st period - Shot by Carl Hagelin.
18:05 of 1st period - Shot Misses the Net.
18:31 of 1st period - Shot by Kevin Fiala.
18:31 of 1st period - Shot Misses the Net.
19:12 of 1st period - Icing by Brett Pesce.
19:13 of 1st period - Leon Draisaitl wins face-off versus Michael Frolik in Bruins zone.
Goals for this period are 0 for Sabres vs 0 for Bruins.
Shots for this period are 8 for Sabres vs 10 for Bruins.

2nd period


0:01 of 2nd period - Radek Faksa wins face-off versus Tyler Seguin in neutral zone.
0:17 of 2nd period - Alex Iafallo is hit by Kris Letang and loses puck.
0:26 of 2nd period - Shot by Kevin Fiala.
0:26 of 2nd period - Stopped by Tristan Jarry without a rebound.
0:27 of 2nd period - Adam Henrique wins face-off versus Leon Draisaitl in Bruins zone.
1:11 of 2nd period - Off-side.
1:12 of 2nd period - Radek Faksa wins face-off versus Tyler Seguin in neutral zone.
1:12 of 2nd period - Brian Dumoulin is hit by Luke Glendening and loses puck.
1:17 of 2nd period - Shot by Michael Frolik.
1:17 of 2nd period - Shot Misses the Net.
1:38 of 2nd period - Alex Iafallo is hit by Rasmus Ristolainen and loses puck.
2:05 of 2nd period - Shot by Brendan Lemieux.
2:05 of 2nd period - Shot Misses the Net.
2:07 of 2nd period - Shot by Antoine Roussel.
2:07 of 2nd period - Deflect By Brendan Lemieux.
2:07 of 2nd period - Stopped by Matt Murray without a rebound.
2:08 of 2nd period - Lars Eller wins face-off versus Jayson Megna in Sabres zone.
2:10 of 2nd period - Icing by Rasmus Dahlin.
2:11 of 2nd period - Adam Henrique wins face-off versus Lars Eller in Sabres zone.
2:11 of 2nd period - Carl Hagelin is hit by Rasmus Dahlin and loses puck.
2:16 of 2nd period - Shot by Adam Henrique.
2:16 of 2nd period - Shot Misses the Net.
2:18 of 2nd period - Shot by Adam Henrique.
2:18 of 2nd period - Shot Misses the Net.
2:41 of 2nd period - Shot by Jonathan Drouin.
2:41 of 2nd period - Stopped by Tristan Jarry without a rebound.
2:42 of 2nd period - Vladimir Sobotka wins face-off versus Leon Draisaitl in Bruins zone.
2:51 of 2nd period - Shot by Elias Lindholm.
2:51 of 2nd period - Shot Misses the Net.
3:09 of 2nd period - Shot by Elias Lindholm.
3:09 of 2nd period - Shot Misses the Net.
3:15 of 2nd period - Shot by Brendan Lemieux.
3:15 of 2nd period - Shot Misses the Net.
3:17 of 2nd period - Shot by Vladimir Sobotka.
3:17 of 2nd period - Stopped by Matt Murray without a rebound.
3:18 of 2nd period - Radek Faksa wins face-off versus Tyler Seguin in Sabres zone.
3:55 of 2nd period - Shot by Michael Frolik.
3:55 of 2nd period - Shot Misses the Net.
4:59 of 2nd period - Icing by Brett Pesce.
5:00 of 2nd period - Leon Draisaitl wins face-off versus Adam Henrique in Bruins zone.
5:01 of 2nd period - Shot by Elias Lindholm.
5:01 of 2nd period - Stopped by Tristan Jarry without a rebound.
5:02 of 2nd period - Leon Draisaitl wins face-off versus Jayson Megna in Bruins zone.
5:29 of 2nd period - Shot by Leon Draisaitl.
5:29 of 2nd period - Stopped by Tristan Jarry with a rebound.
5:37 of 2nd period - Shot by Ryan Nugent-Hopkins.
5:37 of 2nd period - Shot Misses the Net.
5:39 of 2nd period - Shot by Elias Lindholm.
5:39 of 2nd period - Stopped by Tristan Jarry without a rebound.
5:40 of 2nd period - Tyler Seguin wins face-off versus Radek Faksa in Bruins zone.
6:03 of 2nd period - Icing by Tyler Seguin.
6:04 of 2nd period - Adam Henrique wins face-off versus Tyler Seguin in Sabres zone.
7:07 of 2nd period - Leon Draisaitl is hit by Radek Faksa and loses puck.
7:32 of 2nd period - Shot by Leon Draisaitl.
7:32 of 2nd period - Stopped by Tristan Jarry without a rebound.
7:33 of 2nd period - Lars Eller wins face-off versus Vladimir Sobotka in Bruins zone.
7:33 of 2nd period - Nikolaj Ehlers is hit by Jonathon Merrill and loses puck.
7:37 of 2nd period - Icing by Jonathon Merrill.
7:38 of 2nd period - Lars Eller wins face-off versus Vladimir Sobotka in Bruins zone.
8:03 of 2nd period - Shot by Vladimir Sobotka.
8:03 of 2nd period - Shot Misses the Net.
8:15 of 2nd period - Shot by Lars Eller.
8:15 of 2nd period - Shot Misses the Net.
8:18 of 2nd period - Icing by Jonathon Merrill.
8:19 of 2nd period - Elias Lindholm wins face-off versus Vladimir Sobotka in Bruins zone.
8:29 of 2nd period - Off-side.
8:30 of 2nd period - Radek Faksa wins face-off versus Nic Dowd in neutral zone.
8:58 of 2nd period - Shot by Michael Frolik.
8:58 of 2nd period - Stopped by Matt Murray with a rebound.
9:41 of 2nd period - Shot by Tyler Bertuzzi.
9:41 of 2nd period - Stopped by Matt Murray without a rebound.
9:42 of 2nd period - Jayson Megna wins face-off versus Tyler Seguin in Sabres zone.
10:42 of 2nd period - Icing by Brady Skjei.
10:43 of 2nd period - Leon Draisaitl wins face-off versus Adam Henrique in Bruins zone.
10:56 of 2nd period - Shot by Leon Draisaitl.
10:56 of 2nd period - Stopped by Tristan Jarry with a rebound.
11:00 of 2nd period - Shot by Ryan Nugent-Hopkins.
11:00 of 2nd period - Shot Misses the Net.
11:02 of 2nd period - Shot by Rasmus Ristolainen.
11:02 of 2nd period - Stopped by Tristan Jarry without a rebound.
11:03 of 2nd period - Radek Faksa wins face-off versus Lars Eller in Bruins zone.
11:31 of 2nd period - Icing by Jonathan Drouin.
11:32 of 2nd period - Lars Eller wins face-off versus Vladimir Sobotka in Sabres zone.
11:32 of 2nd period - Nikolaj Ehlers is hit by Brendan Lemieux and loses puck.
11:39 of 2nd period - Shot by Antoine Roussel.
11:39 of 2nd period - Stopped by Matt Murray without a rebound.
11:40 of 2nd period - Adam Henrique wins face-off versus Ryan Nugent-Hopkins in Sabres zone.
11:56 of 2nd period - Icing by Kris Letang.
11:57 of 2nd period - Radek Faksa wins face-off versus Leon Draisaitl in Sabres zone.
12:02 of 2nd period - Shot by Michael Frolik.
12:02 of 2nd period - Goal by Michael Frolik - Sabres : 0 - Bruins : 1.
12:03 of 2nd period - Tyler Seguin wins face-off versus Tyler Bertuzzi in neutral zone.
12:10 of 2nd period - Shot by Luke Glendening.
12:10 of 2nd period - Stopped by Tristan Jarry with a rebound.
12:12 of 2nd period - Shot by Luke Glendening.
12:12 of 2nd period - Stopped by Tristan Jarry without a rebound.
12:13 of 2nd period - Radek Faksa wins face-off versus Leon Draisaitl in Bruins zone.
12:18 of 2nd period - Shot by Michael Frolik.
12:18 of 2nd period - Shot Blocked by Elias Lindholm.
12:36 of 2nd period - Shot by Ryan Nugent-Hopkins.
12:36 of 2nd period - Stopped by Tristan Jarry without a rebound.
12:37 of 2nd period - Adam Henrique wins face-off versus Tyler Seguin in Bruins zone.
12:48 of 2nd period - Shot by Carl Hagelin.
12:48 of 2nd period - Stopped by Matt Murray without a rebound.
12:49 of 2nd period - Vladimir Sobotka wins face-off versus Leon Draisaitl in Sabres zone.
12:52 of 2nd period - Shot by Brendan Lemieux.
12:52 of 2nd period - Shot Misses the Net.
12:54 of 2nd period - Shot by Vladimir Sobotka.
12:54 of 2nd period - Shot Misses the Net.
13:08 of 2nd period - Shot by Elias Lindholm.
13:08 of 2nd period - Shot Blocked by Brett Pesce.
14:26 of 2nd period - Shot by Tyler Seguin.
14:26 of 2nd period - Stopped by Tristan Jarry without a rebound.
14:27 of 2nd period - Radek Faksa wins face-off versus Lars Eller in Bruins zone.
14:27 of 2nd period - Michael Frolik is hit by Jonathan Drouin and loses puck.
14:33 of 2nd period - Minor Penalty to Lars Eller for Roughing.
14:34 of 2nd period - Adam Henrique wins face-off versus Luke Glendening in Sabres zone.
14:45 of 2nd period - Shot by Adam Henrique.
14:45 of 2nd period - Stopped by Matt Murray without a rebound.
14:46 of 2nd period - Luke Glendening wins face-off versus Jayson Megna in Sabres zone.
14:52 of 2nd period - Icing by Brady Skjei.
14:53 of 2nd period - Luke Glendening wins face-off versus Jayson Megna in Bruins zone.
15:12 of 2nd period - Shot by Jordan Oesterle.
15:12 of 2nd period - Shot Blocked by Luke Glendening.
15:14 of 2nd period - Shot by Jayson Megna.
15:14 of 2nd period - Stopped by Matt Murray with a rebound.
15:16 of 2nd period - Shot by Brady Skjei.
15:16 of 2nd period - Stopped by Matt Murray without a rebound.
15:17 of 2nd period - Alex Iafallo wins face-off versus Luke Glendening in Sabres zone.
15:22 of 2nd period - Shot by Brett Pesce.
15:22 of 2nd period - Shot Misses the Net.
15:24 of 2nd period - Shot by Brett Pesce.
15:24 of 2nd period - Shot Misses the Net.
15:26 of 2nd period - Shot by Adam Henrique.
15:26 of 2nd period - Stopped by Matt Murray without a rebound.
15:27 of 2nd period - Luke Glendening wins face-off versus Alex Iafallo in Sabres zone.
15:34 of 2nd period - Kris Letang is hit by Adam Henrique.
16:24 of 2nd period - Icing by Jayson Megna.
16:25 of 2nd period - Jayson Megna wins face-off versus Luke Glendening in Bruins zone.
17:00 of 2nd period - Shot by Brendan Lemieux.
17:00 of 2nd period - Shot Misses the Net.
17:04 of 2nd period - Shot by Tanner Fritz.
17:04 of 2nd period - Stopped by Matt Murray without a rebound.
17:05 of 2nd period - Leon Draisaitl wins face-off versus Adam Henrique in Sabres zone.
17:14 of 2nd period - Shot by Ryan Nugent-Hopkins.
17:14 of 2nd period - Deflect By Leon Draisaitl.
17:14 of 2nd period - Shot Misses the Net.
17:24 of 2nd period - Shot by Tyler Bertuzzi.
17:24 of 2nd period - Stopped by Matt Murray without a rebound.
17:25 of 2nd period - Tyler Seguin wins face-off versus Radek Faksa in Sabres zone.
17:27 of 2nd period - Icing by Erik Gustafsson.
17:28 of 2nd period - Tyler Seguin wins face-off versus Radek Faksa in Sabres zone.
17:28 of 2nd period - Adam Pelech is hit by Radek Faksa and loses puck.
17:37 of 2nd period - Shot by Radek Faksa.
17:37 of 2nd period - Stopped by Matt Murray without a rebound.
17:38 of 2nd period - Adam Henrique wins face-off versus Leon Draisaitl in Sabres zone.
17:45 of 2nd period - Shot by Adam Henrique.
17:45 of 2nd period - Shot Blocked by Kris Letang.
17:55 of 2nd period - Shot by Ryan Nugent-Hopkins.
17:55 of 2nd period - Stopped by Tristan Jarry with a rebound.
17:57 of 2nd period - Shot by Elias Lindholm.
17:57 of 2nd period - Shot Misses the Net.
17:59 of 2nd period - Shot by Rasmus Ristolainen.
17:59 of 2nd period - Shot Misses the Net.
18:01 of 2nd period - Shot by Leon Draisaitl.
18:01 of 2nd period - Shot Misses the Net.
18:07 of 2nd period - Shot by Ryan Nugent-Hopkins.
18:07 of 2nd period - Shot Misses the Net.
18:09 of 2nd period - Shot by Rasmus Ristolainen.
18:09 of 2nd period - Shot Misses the Net.
18:11 of 2nd period - Shot by Rasmus Ristolainen.
18:11 of 2nd period - Stopped by Tristan Jarry without a rebound.
18:12 of 2nd period - Radek Faksa wins face-off versus Tyler Seguin in Bruins zone.
18:23 of 2nd period - Shot by Radek Faksa.
18:23 of 2nd period - Shot Misses the Net.
19:18 of 2nd period - Minor Penalty to Brian Dumoulin for Boarding.
19:19 of 2nd period - Leon Draisaitl wins face-off versus Radek Faksa in Bruins zone.
19:36 of 2nd period - Shot by Elias Lindholm.
19:36 of 2nd period - Stopped by Tristan Jarry with a rebound.
19:38 of 2nd period - Shot by Rasmus Ristolainen.
19:38 of 2nd period - Shot Blocked by Brady Skjei.
19:40 of 2nd period - Shot by Rasmus Ristolainen.
19:40 of 2nd period - Shot Misses the Net.
19:42 of 2nd period - Shot by Kris Letang.
19:42 of 2nd period - Stopped by Tristan Jarry without a rebound.
19:43 of 2nd period - Leon Draisaitl wins face-off versus Brendan Lemieux in Bruins zone.
19:46 of 2nd period - Shot by Ryan Nugent-Hopkins.
19:46 of 2nd period - Goal by Ryan Nugent-Hopkins - Sabres : 1 - Bruins : 1.
19:47 of 2nd period - Lars Eller wins face-off versus Adam Henrique in neutral zone.
19:59 of 2nd period - Shot by Markus Nutivaara.
19:59 of 2nd period - Shot Blocked by Erik Gustafsson.
Goals for this period are 1 for Sabres vs 1 for Bruins.
Shots for this period are 17 for Sabres vs 14 for Bruins.

3rd period


0:01 of 3rd period - Leon Draisaitl wins face-off versus Radek Faksa in neutral zone.
0:12 of 3rd period - Shot by Kris Letang.
0:12 of 3rd period - Shot Misses the Net.
0:38 of 3rd period - Shot by Radek Faksa.
0:38 of 3rd period - Stopped by Matt Murray without a rebound.
0:39 of 3rd period - Adam Henrique wins face-off versus Tyler Seguin in Sabres zone.
0:40 of 3rd period - Shot by Carl Hagelin.
0:40 of 3rd period - Shot Blocked by Luke Glendening.
0:42 of 3rd period - Shot by Adam Henrique.
0:42 of 3rd period - Shot Blocked by Erik Gustafsson.
0:44 of 3rd period - Shot by Tyler Bertuzzi.
0:44 of 3rd period - Shot Misses the Net.
1:03 of 3rd period - Adam Henrique is hit by Erik Gustafsson.
1:05 of 3rd period - Shot by Tyler Bertuzzi.
1:05 of 3rd period - Stopped by Matt Murray without a rebound.
1:06 of 3rd period - Antoine Roussel wins face-off versus Lars Eller in Sabres zone.
1:07 of 3rd period - Shot by Vladimir Sobotka.
1:07 of 3rd period - Shot Misses the Net.
1:09 of 3rd period - Shot by Vladimir Sobotka.
1:09 of 3rd period - Shot Misses the Net.
1:11 of 3rd period - Shot by Antoine Roussel.
1:11 of 3rd period - Shot Misses the Net.
1:51 of 3rd period - Icing by Dmitry Orlov.
1:52 of 3rd period - Adam Henrique wins face-off versus Lars Eller in Sabres zone.
1:53 of 3rd period - Shot by Carl Hagelin.
1:53 of 3rd period - Shot Misses the Net.
1:55 of 3rd period - Shot by Brady Skjei.
1:55 of 3rd period - Stopped by Matt Murray without a rebound.
1:56 of 3rd period - Leon Draisaitl wins face-off versus Radek Faksa in Sabres zone.
1:56 of 3rd period - Leon Draisaitl is hit by Alex Iafallo.
2:05 of 3rd period - Shot by Radek Faksa.
2:05 of 3rd period - Shot Misses the Net.
2:42 of 3rd period - Icing by Rasmus Ristolainen.
2:43 of 3rd period - Adam Henrique wins face-off versus Leon Draisaitl in Sabres zone.
3:10 of 3rd period - Shot by Tyler Bertuzzi.
3:10 of 3rd period - Shot Blocked by Rasmus Ristolainen.
3:12 of 3rd period - Shot by Markus Nutivaara.
3:12 of 3rd period - Shot Misses the Net.
3:51 of 3rd period - Icing by Adam Pelech.
3:52 of 3rd period - Tyler Seguin wins face-off versus Radek Faksa in Sabres zone.
3:59 of 3rd period - Shot by Tyler Seguin.
3:59 of 3rd period - Shot Misses the Net.
4:22 of 3rd period - Shot by Luke Glendening.
4:22 of 3rd period - Shot Blocked by Brady Skjei.
4:49 of 3rd period - Shot by Jonathan Drouin.
4:49 of 3rd period - Stopped by Tristan Jarry without a rebound.
4:50 of 3rd period - Nic Dowd wins face-off versus Adam Henrique in Bruins zone.
5:13 of 3rd period - Shot by Michael Grabner.
5:13 of 3rd period - Stopped by Tristan Jarry without a rebound.
5:14 of 3rd period - Lars Eller wins face-off versus Vladimir Sobotka in Bruins zone.
5:30 of 3rd period - Off-side.
5:31 of 3rd period - Tyler Seguin wins face-off versus Adam Henrique in neutral zone.
5:51 of 3rd period - Icing by Brett Pesce.
5:52 of 3rd period - Adam Henrique wins face-off versus Leon Draisaitl in Bruins zone.
6:02 of 3rd period - Shot by Carl Hagelin.
6:02 of 3rd period - Stopped by Matt Murray with a rebound.
6:04 of 3rd period - Shot by Adam Henrique.
6:04 of 3rd period - Stopped by Matt Murray without a rebound.
6:05 of 3rd period - Tyler Seguin wins face-off versus Radek Faksa in Sabres zone.
6:15 of 3rd period - Shot by Kevin Fiala.
6:15 of 3rd period - Shot Blocked by Brian Dumoulin.
6:17 of 3rd period - Shot by Kris Letang.
6:17 of 3rd period - Stopped by Tristan Jarry with a rebound.
6:19 of 3rd period - Shot by Rasmus Ristolainen.
6:19 of 3rd period - Stopped by Tristan Jarry without a rebound.
6:20 of 3rd period - Leon Draisaitl wins face-off versus Vladimir Sobotka in Bruins zone.
7:28 of 3rd period - Shot by Adam Henrique.
7:28 of 3rd period - Shot Blocked by Tyler Seguin.
7:38 of 3rd period - Shot by Adam Henrique.
7:38 of 3rd period - Stopped by Matt Murray without a rebound.
7:39 of 3rd period - Radek Faksa wins face-off versus Jonathan Drouin in Sabres zone.
7:54 of 3rd period - Radek Faksa is hit by Jonathan Drouin and loses puck.
8:17 of 3rd period - Off-side.
8:18 of 3rd period - Adam Henrique wins face-off versus Tyler Seguin in neutral zone.
8:18 of 3rd period - Adam Henrique is hit by Luke Glendening.
9:13 of 3rd period - Shot by Leon Draisaitl.
9:13 of 3rd period - Shot Misses the Net.
9:15 of 3rd period - Shot by Ryan Nugent-Hopkins.
9:15 of 3rd period - Shot Blocked by Brian Dumoulin.
9:56 of 3rd period - Icing by Leon Draisaitl.
9:57 of 3rd period - Vladimir Sobotka wins face-off versus Leon Draisaitl in Sabres zone.
9:57 of 3rd period - Brendan Lemieux is hit by Rasmus Dahlin and loses puck.
10:09 of 3rd period - Icing by Brett Pesce.
10:10 of 3rd period - Lars Eller wins face-off versus Vladimir Sobotka in Bruins zone.
10:17 of 3rd period - Shot by Nikolaj Ehlers.
10:17 of 3rd period - Shot Misses the Net.
10:31 of 3rd period - Brendan Lemieux is hit by Rasmus Ristolainen and loses puck.
10:32 of 3rd period - Brendan Lemieux from Bruins is injured at 10:32 of 3rd period (Groin).
10:33 of 3rd period - Radek Faksa wins face-off versus Tyler Seguin in Bruins zone.
10:33 of 3rd period - Alex Iafallo is hit by Tyler Seguin and loses puck.
10:56 of 3rd period - Shot by Alex Iafallo.
10:56 of 3rd period - Stopped by Matt Murray without a rebound.
10:57 of 3rd period - Lars Eller wins face-off versus Jayson Megna in Sabres zone.
10:57 of 3rd period - Lars Eller is hit by Jayson Megna.
11:02 of 3rd period - Off-side.
11:03 of 3rd period - Jayson Megna wins face-off versus Leon Draisaitl in neutral zone.
11:19 of 3rd period - Icing by Brett Pesce.
11:20 of 3rd period - Jayson Megna wins face-off versus Tyler Seguin in Bruins zone.
11:24 of 3rd period - Icing by Tanner Fritz.
11:25 of 3rd period - Leon Draisaitl wins face-off versus Jayson Megna in Bruins zone.
11:25 of 3rd period - Leon Draisaitl is hit by Jonathon Merrill.
11:33 of 3rd period - Shot by Jayson Megna.
11:33 of 3rd period - Shot Blocked by Kris Letang.
11:47 of 3rd period - Shot by Ryan Nugent-Hopkins.
11:47 of 3rd period - Shot Blocked by Jonathon Merrill.
12:01 of 3rd period - Shot by Leon Draisaitl.
12:01 of 3rd period - Stopped by Tristan Jarry without a rebound.
12:02 of 3rd period - Tyler Seguin wins face-off versus Radek Faksa in Bruins zone.
12:08 of 3rd period - Tyler Seguin is hit by Brady Skjei and loses puck.
13:21 of 3rd period - Vladimir Sobotka is hit by Adam Pelech and loses puck.
13:27 of 3rd period - Icing by Adam Pelech.
13:28 of 3rd period - Adam Henrique wins face-off versus Tyler Seguin in Sabres zone.
13:31 of 3rd period - Shot by Carl Hagelin.
13:31 of 3rd period - Stopped by Matt Murray without a rebound.
13:32 of 3rd period - Adam Henrique wins face-off versus Leon Draisaitl in Sabres zone.
13:45 of 3rd period - Off-side.
13:46 of 3rd period - Radek Faksa wins face-off versus Lars Eller in neutral zone.
13:48 of 3rd period - Brady Skjei is hit by Rasmus Dahlin and loses puck.
14:20 of 3rd period - Brady Skjei is hit by Nikolaj Ehlers and loses puck.
14:43 of 3rd period - Carl Hagelin is hit by Ryan Nugent-Hopkins and loses puck.
14:44 of 3rd period - Minor Penalty to Ryan Nugent-Hopkins for Boarding.
14:45 of 3rd period - Luke Glendening wins face-off versus Jayson Megna in Sabres zone.
14:58 of 3rd period - Shot by Antoine Roussel.
14:58 of 3rd period - Shot Misses the Net.
15:02 of 3rd period - Shot by Jayson Megna.
15:02 of 3rd period - Stopped by Matt Murray without a rebound.
15:03 of 3rd period - Luke Glendening wins face-off versus Jayson Megna in Sabres zone.
15:12 of 3rd period - Shot by Antoine Roussel.
15:12 of 3rd period - Stopped by Matt Murray without a rebound.
15:13 of 3rd period - Adam Henrique wins face-off versus Luke Glendening in Sabres zone.
15:36 of 3rd period - Shot by Markus Nutivaara.
15:36 of 3rd period - Stopped by Matt Murray without a rebound.
15:37 of 3rd period - Jayson Megna wins face-off versus Lars Eller in Sabres zone.
15:50 of 3rd period - Shot by Tyler Bertuzzi.
15:50 of 3rd period - Deflect By Antoine Roussel.
15:50 of 3rd period - Shot Blocked by Elias Lindholm.
15:58 of 3rd period - Shot by Jordan Oesterle.
15:58 of 3rd period - Shot Misses the Net.
16:00 of 3rd period - Shot by Brady Skjei.
16:00 of 3rd period - Stopped by Matt Murray without a rebound.
16:01 of 3rd period - Luke Glendening wins face-off versus Adam Henrique in Sabres zone.
16:14 of 3rd period - Shot by Alex Iafallo.
16:14 of 3rd period - Stopped by Matt Murray with a rebound.
16:26 of 3rd period - Shot by Brett Pesce.
16:26 of 3rd period - Stopped by Matt Murray without a rebound.
16:27 of 3rd period - Jayson Megna wins face-off versus Lars Eller in Sabres zone.
16:42 of 3rd period - Shot by Tyler Bertuzzi.
16:42 of 3rd period - Stopped by Matt Murray without a rebound.
16:43 of 3rd period - Jayson Megna wins face-off versus Luke Glendening in Sabres zone.
17:18 of 3rd period - Shot by Tyler Bertuzzi.
17:18 of 3rd period - Deflect By Adam Henrique.
17:18 of 3rd period - Shot Misses the Net.
17:35 of 3rd period - Off-side.
17:36 of 3rd period - Radek Faksa wins face-off versus Lars Eller in neutral zone.
17:36 of 3rd period - Radek Faksa is hit by Nikolaj Ehlers.
17:57 of 3rd period - Off-side.
17:58 of 3rd period - Tyler Seguin wins face-off versus Vladimir Sobotka in neutral zone.
18:01 of 3rd period - Brian Dumoulin is hit by Luke Glendening and loses puck.
19:18 of 3rd period - Radek Faksa is hit by Adam Pelech and loses puck.
19:30 of 3rd period - Off-side.
19:31 of 3rd period - Adam Henrique wins face-off versus Leon Draisaitl in neutral zone.
19:33 of 3rd period - Tyler Bertuzzi is hit by Rasmus Ristolainen and loses puck.
19:40 of 3rd period - Shot by Tyler Bertuzzi.
19:40 of 3rd period - Deflect By Adam Henrique.
19:40 of 3rd period - Shot Blocked by Kris Letang.
19:42 of 3rd period - Shot by Adam Henrique.
19:42 of 3rd period - Deflect By Tyler Bertuzzi.
19:42 of 3rd period - Shot Misses the Net.
19:44 of 3rd period - Shot by Tyler Bertuzzi.
19:44 of 3rd period - Shot Blocked by Ryan Nugent-Hopkins.
19:54 of 3rd period - Shot by Tyler Bertuzzi.
19:54 of 3rd period - Stopped by Matt Murray without a rebound.
19:55 of 3rd period - Lars Eller wins face-off versus Jayson Megna in Sabres zone.
Goals for this period are 0 for Sabres vs 0 for Bruins.
Shots for this period are 5 for Sabres vs 16 for Bruins.

Overtime #1


0:01 of 1st overtime period - Radek Faksa wins face-off versus Leon Draisaitl in neutral zone.
0:27 of 1st overtime period - Shot by Ryan Nugent-Hopkins.
0:27 of 1st overtime period - Stopped by Tristan Jarry without a rebound.
0:28 of 1st overtime period - Adam Henrique wins face-off versus Leon Draisaitl in Bruins zone.
0:41 of 1st overtime period - Shot by Tyler Bertuzzi.
0:41 of 1st overtime period - Goal by Tyler Bertuzzi - Sabres : 1 - Bruins : 2.
Goals for this period are 0 for Sabres vs 1 for Bruins.
Shots for this period are 1 for Sabres vs 1 for Bruins.